 Dungeon Crawl Stone Soup version 0.17.0-28-g6e173f8 (webtiles) character file.

235 kosy22 the Ducker (level 5, 0/49 HPs)
             Began as a Troll Warper on Nov 29, 2015.
             Killed from afar by Blork the orc (11 damage)
             ... with a puff of frost
             ... on level 4 of the Dungeon.
             The game lasted 00:09:40 (2254 turns).

kosy22 the Ducker (Troll Warper)                    Turns: 2254, Time: 00:09:41

Health: 0/49       AC: 10    Str: 20    XL:     5   Next: 76%
Magic:  6/6        EV:  5    Int:  9    God:
Gold:   147        SH: 13    Dex:  9    Spells: 2 memorised, 3 levels left

rFire  . . .     SeeInvis .     v - +4 dagger (drain)
rCold  . . .     Clarity  .     t - +2 robe {rN+}
rNeg   + . .     SustAt   .     E - +2 large shield
rPois  .         Gourm    +     (helmet restricted)
rElec  .         Spirit   .     q - +2 cloak
rCorr  .         Warding  .     (gloves unavailable)
rMut   .         Stasis   .     (boots unavailable)
MR     .....                    (no amulet)
Stlth  +.........               (no ring)
                                (no ring)

@: drained, not resistant to hostile enchantments, very unstealthy
A: unfitting armour, claws 3, fast metabolism 3, gourmand, regeneration 2,
shaggy fur 1, tough skin 2
a: no special abilities


You were on level 4 of the Dungeon.
You were full.

You visited 1 branch of the dungeon, and saw 4 of its levels.

You collected 147 gold pieces.

Inventory:

Hand Weapons
 v - a +4 dagger of draining (weapon)
Missiles
 d - 4 tomahawks of dispersal
 j - 5 javelins (quivered)
Armour
 a - a +0 robe
 o - a +0 large shield
 q - a +2 cloak (worn)
 t - a +2 robe of positive energy (worn)
 E - a +2 large shield (worn)
Magical Staves
 A - an uncursed staff of power
Wands
 C - a wand of random effects (14)
Scrolls
 c - a scroll of blinking
 g - 5 scrolls of remove curse
 h - 7 scrolls of identify
 i - a scroll of amnesia {unknown}
 r - 2 scrolls of fog {unknown}
 u - a scroll of enchant weapon {unknown}
 w - 2 scrolls of teleportation {unknown}
 y - a scroll of recharging {unknown}
 B - a scroll of immolation {unknown}
Potions
 l - 2 potions of cancellation {unknown}
 n - 2 potions of flight {unknown}
 p - 2 potions of haste {unknown}
 s - a potion of might {unknown}
 x - 2 potions of heal wounds
 D - a potion of curing {unknown}
 F - 2 potions of brilliance {unknown}
Books
 b - a book of Spatial Translocations

   Spells                             Type                      Level
   a - Apportation                    Translocation                1
   b - Blink                          Translocation                2
   c - Shroud of Golubria             Charms/Translocation         2
   d - Portal Projectile              Translocation                3
   e - Teleport Other                 Translocation                3
   f - Passage of Golubria            Translocation                4
Comestibles
 e - a bread ration
 f - a slice of pizza
 k - 3 beef jerkies
 m - 4 meat rations
 z - 3 fruits


   Skills:
 + Level 2.1(1.3) Fighting
 + Level 1.5(0.7) Throwing
 + Level 3.5(2.6) Dodging
 + Level 0.4(0.0) Stealth
 + Level 1.3(0.5) Shields
 + Level 2.6(1.7) Unarmed Combat
 + Level 1.4(0.6) Spellcasting
 + Level 2.6(1.7) Translocations


You had 3 spell levels left.
You knew the following spells:

 Your Spells              Type           Power        Failure   Level  Hunger
a - Apportation           Tloc           #.........   100%        1    ##.....
b - Blink                 Tloc           N/A          100%        2    ###....


Dungeon Overview and Level Annotations

Branches:
Dungeon (4/15)             Temple (0/1) D:4

Altars:
Elyvilon
Fedhas
Okawaru
Ru
Trog
The Shining One

Annotations:
D:4 Blork the orc


Innate Abilities, Weirdness & Mutations

You are too large for most types of armour.
You have claws for hands.
Your metabolism is lightning-fast.
You like to eat raw meat.
You heal very quickly.
You are covered in fur (AC +1).
You have very tough skin (AC +2).


Message History

Your shield prevents you from hitting the orc wizard.
The orc wizard is moderately wounded.
Something hits you but does no damage. You block the orc wizard's attack.
You closely miss the orc wizard.
The orc wizard is moderately wounded.
You block the orc wizard's attack. Something hits you!
The orc wizard hits you but does no damage.
You hit the orc wizard.
The orc wizard is heavily wounded.
Something hits you! You block the orc wizard's attack. Something hits you.
You block the orc wizard's attack.
You closely miss the orc wizard.
The orc wizard is heavily wounded.
The orc wizard points at you and mumbles some strange words.
The magic dart hits you!
* * * LOW HITPOINT WARNING * * *
You hear some strange, mumbled words.
A puff of frost appears from out of thin air!
The puff of frost hits you!
You die...

........... ####
##.......[. #### #...
#.........# ...###...
#..b......# #.......
#.........### ##..#...
#...........####...#... #
#.............##....... #.
#...o@..#....#..#.#...
##..##.....##......##.#...
#....#.###.####....##.....
#....o)#........>........
#...ยง#$#......#..........
##.#...(......#..........
# ###...................
##......###.....b...
#......#[....##....


You could see an orc wizard.

Vanquished Creatures
  An orc wizard (D:3)
  Ijyb (D:3)
  A hound (D:4)
  4 gnolls (D:4)
  3 adders
  3 worms
  A giant gecko (D:2)
  4 orcs
  8 bats
  4 giant cockroaches
  8 hobgoblins
  4 jackals (D:2)
  8 kobolds
  3 ball pythons
  3 giant newts
  6 goblins
  9 rats
71 creatures vanquished.

Notes
Turn   | Place    | Note
--------------------------------------------------------------
     0 | D:1      | kosy22 the Troll Warper began the quest for the Orb.
     0 | D:1      | Reached XP level 1. HP: 19/19 MP: 1/1
   100 | D:1      | Reached XP level 2. HP: 28/28 MP: 2/2
   134 | D:1      | Learned a level 2 spell: Blink
   355 | D:1      | Reached skill level 1 in Throwing
   714 | D:2      | Reached XP level 3. HP: 30/35 MP: 1/4
  1078 | D:2      | Found a white marble altar of Elyvilon.
  1197 | D:2      | Found a sacrificial altar of Ru.
  1398 | D:3      | Noticed Ijyb
  1425 | D:3      | Killed Ijyb
  1425 | D:3      | Reached XP level 4. HP: 26/42 MP: 5/5
  1577 | D:3      | Reached skill level 3 in Dodging
  1600 | D:3      | Found a bloodstained altar of Trog.
  1662 | D:3      | Reached XP level 5. HP: 49/49 MP: 6/6
  1994 | D:4      | Found an iron altar of Okawaru.
  2005 | D:4      | Reached skill level 1 in Shields
  2071 | D:4      | Found a blossoming altar of Fedhas.
  2071 | D:4      | Found a glowing golden altar of the Shining One.
  2210 | D:4      | Found a staircase to the Ecumenical Temple.
  2236 | D:4      | Noticed Blork the orc
  2254 | D:4      | Killed from afar by Blork the orc

Action                   |  1- 3 |  4- 6 || total
-------------------------+-------+-------++-------
Melee: Unarmed           |   102 |     1 ||   103
       Dagger            |       |   123 ||   123
Throw: Javelin           |    28 |       ||    28
       Tomahawk          |     1 |       ||     1
 Cast: Blink             |     1 |       ||     1
  Use: Scroll            |     3 |     1 ||     4
  Eat: Chunk             |     8 |     6 ||    14
       Bread ration      |     1 |     1 ||     2
